 Dungeon Crawl Stone Soup version 0.30-a0-1114-gd936c97349 (webtiles) character file.

Game seed: 10463723555198989126

273 hwolsky the Chopper (level 6, -7/55 HPs)
             Began as a Minotaur Fighter on Apr 20, 2023.
             Blown up by Ijyb (11 damage)
             ... with a mindburst bolt
             ... on level 3 of the Dungeon.
             The game lasted 00:04:43 (1857 turns).

hwolsky the Chopper (Minotaur Fighter)              Turns: 1857, Time: 00:04:43

Health: -7/55      AC: 16    Str: 22    XL:     6   Next: 2%
Magic:  5/5        EV:  8    Int:  5    God:
Gold:   86         SH: 11    Dex: 16    Spells: 5/5 levels left

rFire   . . .      SeeInvis .    a - +1 war axe (protect)
rCold   . . .      Faith    .    h - +1 kite shield
rNeg    . . .      Spirit   .    b - +0 scale mail
rPois   .          Reflect  .    (helmet restricted)
rElec   .          Rampage  .    d - +1 cloak
rCorr   .                        (no gloves)
Will    .....                    (no boots) Stlth
                                 (no amulet)
HPRegen 0.29/turn                i - +6 ring of dexterity
MPRegen 0.09/turn                (no ring)

@: under a protective aura
A: horns 2, retaliatory headbutt
a: no special abilities


You were on level 3 of the Dungeon.
You visited 1 branch of the dungeon, and saw 3 of its levels.

You collected 86 gold pieces.

Inventory:

Hand Weapons
 a - a +1 war axe of protection (weapon)
Armour
 b - a +0 scale mail (worn)
 d - a +1 cloak (worn)
 h - a +1 kite shield (worn)
Jewellery
 i - a +6 ring of dexterity (left hand)
Wands
 l - a wand of polymorph (6)
Scrolls
 c - 2 scrolls of enchant weapon
Potions
 e - a potion of brilliance {unknown}
 f - a potion of attraction {unknown}
 g - a potion of invisibility {unknown}
 m - 2 potions of degeneration {unknown}


   Skills:
 + Level 4.8 Fighting
 * Level 5.2 Axes
 + Level 4.8 Armour
 + Level 4.8 Shields


You had 5 spell levels left.
You didn't know any spells.
Your spell library contained the following spells:

 Spells                   Type           Power      Damage    Failure   Level
 Hailstorm                Conj/Ice       0%         3d3       100%        3
 Ice Form                 Ice/Tmut       0%         N/A       100%        4
 Simulacrum               Ice/Necr       0%         N/A       100%        6


Dungeon Overview and Level Annotations

Branches:
Dungeon (3/15)

Altars:
Uskayaw

Annotations:
D:3 Ijyb


Innate Abilities, Weirdness & Mutations

You have a pair of horns on your head.
You reflexively headbutt those who attack you in melee.


Message History

A rat comes into view.
You see here a dark potion.
m - 2 dark potions (gained 1)
You barely miss the rat. You headbutt the rat.
You kill the rat!
Ijyb the Twisted Goblin comes into view.
She is wielding a +0 club and carrying a wand of mindburst (5).
Ijyb shouts!
You barely miss Ijyb.
Ijyb zaps a wand.
Your mind is blasted!
You hit Ijyb but do no damage.
Your weapon exudes an aura of protection.
Ijyb hits you but does no damage.
Ijyb zaps a wand.
Your mind is blasted!
You closely miss Ijyb. Your headbutt misses Ijyb.
Ijyb hits you but does no damage.
You slash Ijyb!
Ijyb is heavily wounded.
Ijyb hits you but does no damage.
You closely miss Ijyb.
Ijyb is heavily wounded.
Ijyb zaps a wand.
Your mind is blasted!
* * * LOW HITPOINT WARNING * * *
Ijyb misses you.
You completely miss Ijyb. You headbutt Ijyb, but do no damage.
Ijyb is heavily wounded.
You block Ijyb's attack.
You barely miss Ijyb. Your headbutt misses Ijyb.
Ijyb is heavily wounded.
Ijyb completely misses you. Ijyb hits you with a +0 club.
* * * LOW HITPOINT WARNING * * *
You closely miss Ijyb.
Ijyb is heavily wounded.
Ijyb closely misses you.
You closely miss Ijyb.
Ijyb is heavily wounded.
Ijyb zaps a wand.
Your mind is blasted!
* * * LOW HITPOINT WARNING * * *
You hit Ijyb.
Your weapon exudes an aura of protection.
Ijyb is severely wounded.
Ijyb zaps a wand.
Your mind is blasted!
You die...

######## #......#
#####......#
#...g@.....#
#...##.......# .
#.###.### ##.#...#
.##.######......# .
....#...........#
.#####......###....##
#........#.........##
...........###.#....#


You could see Ijyb.

Vanquished Creatures
  A scorpion (D:3)
  Crazy Yiuf (D:2)
  Natasha (thrice) (D:2)
  6 adders (D:2)
  A worm (D:2)
  A dart slug (D:2)
  7 bats
  5 endoplasms
  4 giant cockroaches
  2 hobgoblins
  5 jackals (D:2)
  2 kobolds
  A quokka (D:1)
  3 ball pythons (D:2)
  5 frilled lizards (D:2)
  5 goblins
  5 rats
57 creatures vanquished.

Vanquished Creatures (others)
  5 fungi (D:2)
5 creatures vanquished.

Grand Total: 62 creatures vanquished

Notes
Turn   | Place    | Note
-------+----------+-------------------------------------------
     0 | D:1      | hwolsky the Minotaur Fighter began the quest for the Orb.
     0 | D:1      | Reached XP level 1. HP: 19/19 MP: 0/0
   235 | D:1      | Reached XP level 2. HP: 27/27 MP: 1/1
   291 | D:1      | Reached skill level 3 in Axes
   679 | D:2      | Noticed Natasha
   683 | D:2      | Killed Natasha
   684 | D:2      | Reached XP level 3. HP: 21/33 MP: 2/2
   787 | D:2      | Reached XP level 4. HP: 40/40 MP: 3/3
   788 | D:2      | Noticed Natasha
   802 | D:2      | Killed Natasha
   803 | D:2      | Reached skill level 4 in Axes
   952 | D:2      | Reached XP level 5. HP: 47/47 MP: 4/4
  1060 | D:2      | Found a hide-covered altar of Uskayaw.
  1133 | D:2      | Noticed Natasha
  1143 | D:2      | Killed Natasha
  1643 | D:2      | Found a runed translucent door.
  1644 | D:2      | Noticed Crazy Yiuf
  1649 | D:2      | Killed Crazy Yiuf
  1773 | D:3      | Reached skill level 5 in Axes
  1773 | D:3      | Reached XP level 6. HP: 44/55 MP: 5/5
  1845 | D:3      | Noticed Ijyb
  1857 | D:3      | Blown up by Ijyb

Illustrated notes

Levels and vault maps discovered:
D:1:      dpeg_arrival_lava_temple_mockup, layout_basic
D:2:      layout_basic, basic_altar, minmay_lizard_pond, uniq_natasha,
          uniq_crazy_yiuf_cottage
D:3:      layout_rooms, trog_book, gammafunk_ghost_gnarly_gnolls, uniq_ijyb,
          uniq_jessica, uniq_sigmund

Skill      XL: |  1  2  3  4  5 |
---------------+----------------+-----
Axes           | 3 4 5 |  5.2
Fighting       | 4 |  4.8
Armour         | 4 |  4.8
Shields        | 4 |  4.8

Action                     |  1- 3 |  4- 6 || total
---------------------------+-------+-------++-------
  Melee: War axe           |    61 |    62 ||   123
         Headbutt          |     4 |    13 ||    17
    Use: Scroll            |     2 |     6 ||     8
         Potion            |       |     1 ||     1
 Armour: Scale mail        |    42 |    22 ||    64
  Dodge: Dodged            |    41 |    25 ||    66
  Block: Buckler           |    15 |       ||    15
         Kite shield       |     3 |    32 ||    35

Table legend: (Time is in decaauts)
 A = Elapsed time spent in this place.
 B = Non-inter-level travel time spent in this place.
 C = Inter-level travel time spent in this place.
 D = Time resting spent in this place.
 E = Time spent auto-exploring this place.
 F = Levels seen in this place.
 G = Mean time per level.
                   A        B        C        D        E       F      G
               +--------+--------+--------+--------+--------+-----+--------+
         Total |   1906 |   1822 |     84 |      0 |   1282 |   3 |  635.3 |
       Dungeon |   1906 |   1822 |     84 |      0 |   1282 |   3 |  635.3 |
               +--------+--------+--------+--------+--------+-----+--------+

Top non-repeatable levels by time:
     D:2: 1041 daAuts
     D:1: 695 daAuts
     D:3: 169 daAuts
